 Dungeon Crawl Stone Soup version 0.31-a0-981-geadf994542 (webtiles) character file.

Game seed: 1241139169533915583

1601 FakeRyeBread the Covered (level 8, -6/72 HPs)
             Began as an Armataur Fighter on Nov 1, 2023.
             Was an Initiate of Okawaru.
             Mangled by an orc warrior
             ... wielding a +0 battleaxe
              (11 damage)
             ... on level 6 of the Dungeon.
             The game lasted 00:17:52 (5102 turns).

FakeRyeBread the Covered (Armataur Fighter)         Turns: 5102, Time: 00:17:53

Health: -6/72      AC: 11    Str: 20 (24) XL:     8   Next: 62%
Magic:  0/8        EV:  7    Int:  3 (9)  God:    Okawaru [......]
Gold:   388        SH:  5    Dex:  5 (9)  Spells: 7/7 levels left

rFire   . . .        t - +0 morningstar
rCold   . . .        c - +1 buckler
rNeg    . . .        b - +0 scale mail
rPois   .            (no helmet)
rElec   .            g - +0 cloak
rCorr   .            p - +1 pair of gloves {hurl}
SInv    .            (no barding)
Will    .....        j - amulet of guardian spirit Stlth
                     (no ring)
HPRegen 0.32/turn    (no ring)
MPRegen 0.11/turn

%: guardian spirit, roll
@: no status effects
A: large, rugged brown scales 3, deformed body, armoured tail, roll, long
tongue, awkward tongue
a: Renounce Religion


You were on level 6 of the Dungeon.
You worshipped Okawaru.
Okawaru was noncommittal.
You visited 1 branch of the dungeon, and saw 6 of its levels.
You also visited: Sewer.

You collected 388 gold pieces.

Inventory:

Hand Weapons
 a - a +0 flail
 t - a +0 morningstar (weapon)
Missiles
 k - 29 stones (quivered)
Armour
 b - a +0 scale mail (worn)
 c - a +1 buckler (worn)
 g - a +0 cloak (worn)
 o - a scarf of resistance
 p - a +1 pair of gloves of hurling (worn)
Jewellery
 j - an amulet of guardian spirit (around neck)
Talismans
 x - a serpent talisman
Wands
 e - a wand of acid (4)
 s - a wand of charming (6)
 v - a wand of flame (17)
Scrolls
 h - 3 scrolls of blinking
 u - a scroll of enchant armour
 y - a scroll of fog {unknown}
Potions
 d - a potion of might
 f - a potion of lignification
 i - a potion of curing
 l - a potion of mutation
 m - a potion of magic
 q - 2 potions of berserk rage
 w - a potion of attraction {unknown}


   Skills:
 + Level 5.1 Fighting
 * Level 6.5 Maces & Flails
 + Level 6.9 Armour
 + Level 6.3 Shields


You had 7 spell levels left.
You didn't know any spells.
Your spell library contained the following spells:

 Spells                   Type           Power      Damage    Failure   Level
 Lesser Beckoning         Tloc           0%         N/A       96%         2
 Gell's Gravitas          Tloc           0%         N/A       99%         3
 Teleport Other           Tloc           0%         N/A       99%         3


Dungeon Overview and Level Annotations

Branches:
Dungeon (6/15)              Sewer (visited)
 Temple: D:4-7

Altars:
Ashenzari
Dithmenos
Elyvilon
Makhleb
Okawaru
Qazlal
Trog
Uskayaw
Vehumet
Wu Jian
Yredelemnul

Shops:
D:1 [

Annotations:
D:3 1 runed translucent door, perezv8180's ghost, amateur MfGl


Innate Abilities, Weirdness & Mutations

You are completely covered in rugged brown scales. (AC +3, +7% HP)
Armour fits poorly on your strangely shaped body.
You have a long armoured tail.
You roll when moving toward enemies. (Rampage)
Your long tongue fully drains potion bottles. (2x potion effects)
Your tongue gives you trouble enunciating. (1.5x scroll delay)


Message History

The orc warrior barely misses you.
The ice beast hits you but does no damage.
You closely miss the orc warrior. The ice beast barely misses you.
You block the orc warrior's attack.
You hit the orc warrior.
The orc warrior is lightly wounded.
The ice beast hits you but does no damage.
You block the orc warrior's attack.
You hit the orc warrior but do no damage.
The orc warrior is lightly wounded.
You block the ice beast's attack. You block the orc warrior's attack.
The ice beast hits you but does no damage.
The orc warrior closely misses you.
You barely miss the orc warrior.
The orc warrior is lightly wounded.
The orc warrior hits you with a +0 battleaxe!
* * * LOW HITPOINT WARNING * * *
You block the ice beast's attack.
You hit the orc warrior.
The orc warrior is moderately wounded.
The ice beast hits you but does no damage.
You block the orc warrior's attack.
You barely miss the orc warrior.
Your tail-slap misses the orc warrior.
The orc warrior is moderately wounded.
The ice beast closely misses you.
The orc warrior hits you but does no damage.
You barely miss the orc warrior.
You tail-slap the orc warrior, but do no damage.
The orc warrior is moderately wounded.
The ice beast closely misses you. You block the orc warrior's attack.
The ice beast hits you.
* * * LOW HITPOINT WARNING * * *
The ice beast freezes you!
* * * LOW HITPOINT WARNING * * *
The orc warrior hits you with a +0 battleaxe.
* * * LOW HITPOINT WARNING * * *
You sock the orc warrior!
The orc warrior is almost dead.
The orc warrior hits you with a +0 battleaxe!
You die...

#.... #...##
.#..####....#
.......##...# .......
#...## ....... #....#
.....). #....###
.?....o ##...#.####
......Y###........##
......)@...........#
......o[............#
.....####...........#
.... #............
... #............. ..
#.............. #
#...............
#..............


You could see an orc warrior, an ice beast and an orc.

Vanquished Creatures
  Sigmund (D:4)
  Pargi (Sewer)
  2 black bears (D:5)
  An orc warrior (D:6)
  2 ogres
  A phantom (D:5)
  2 scorpions (D:5)
  2 hounds (D:5)
  A jelly (D:5)
  3 orc priests
  A gnoll bouda (D:5)
  3 iguanas
  Natasha (thrice) (D:4)
  4 orc wizards
  Ijyb (D:3)
  Terence (D:2)
  3 gnolls (D:5)
  9 adders
  4 worms
  2 dart slugs
  13 orcs
  6 ball pythons
  4 endoplasms
  6 giant cockroaches
  7 goblins
  4 hobgoblins
  10 jackals (D:2)
  5 quokkas
  4 bats
  4 frilled lizards
  11 kobolds
  5 rats
126 creatures vanquished.

Notes
Turn   | Place    | Note
-------+----------+-------------------------------------------
     0 | D:1      | FakeRyeBread the Armataur Fighter began the quest for the
                  | Orb.
     0 | D:1      | Reached XP level 1. HP: 19/19 MP: 1/1
   160 | D:1      | Reached XP level 2. HP: 26/26 MP: 2/2
   590 | D:1      | Found Kabeybiu's Armour Shoppe.
   654 | D:2      | Reached XP level 3. HP: 17/32 MP: 3/3
   845 | D:2      | Noticed Terence
   857 | D:2      | Killed Terence
   858 | D:2      | Reached XP level 4. HP: 33/40 MP: 4/4
  1665 | D:3      | Found a glowing drain.
  1728 | D:3      | Reached XP level 5. HP: 48/48 MP: 5/5
  1737 | Sewer    | Entered a sewer
  1765 | Sewer    | Noticed Pargi
  1775 | Sewer    | Killed Pargi
  2115 | D:3      | Noticed Ijyb
  2121 | D:3      | Killed Ijyb
  2122 | D:3      | Reached XP level 6. HP: 54/54 MP: 6/6
  2194 | D:3      | Found a runed translucent door.
  2194 | D:3      | Noticed perezv8180's ghost (amateur MfGl)
  2426 | D:4      | Reached skill level 5 in Armour
  2777 | D:4      | Noticed Natasha
  2777 | D:4      | Noticed Sigmund
  2783 | D:4      | Killed Natasha
  2787 | D:4      | Killed Sigmund
  2788 | D:4      | Reached skill level 5 in Shields
  2788 | D:4      | Reached XP level 7. HP: 58/63 MP: 7/7
  2858 | D:4      | Reached skill level 5 in Maces & Flails
  2982 | D:4      | Noticed Natasha
  2991 | D:4      | Killed Natasha
  3205 | D:4      | Found a hide-covered altar of Uskayaw.
  3372 | D:4      | Noticed Natasha
  3375 | D:4      | Killed Natasha
  3401 | D:5      | Entered Level 5 of the Dungeon
  3773 | D:5      | Found a shadowy altar of Dithmenos.
  3794 | D:5      | Reached XP level 8. HP: 60/71 MP: 6/8
  3848 | D:5      | Found an iron altar of Okawaru.
  3848 | D:5      | Found a broken altar of Ashenzari.
  3848 | D:5      | Found a white marble altar of Elyvilon.
  3848 | D:5      | Found an ornate altar of the Wu Jian Council.
  3849 | D:5      | Found a radiant altar of Vehumet.
  3849 | D:5      | Found a burning altar of Makhleb.
  3850 | D:5      | Found a bloodstained altar of Trog.
  3851 | D:5      | Found a basalt altar of Yredelemnul.
  3851 | D:5      | Found a stormy altar of Qazlal.
  3854 | D:5      | Became a worshipper of Warmaster Okawaru
  4654 | D:5      | Reached skill level 5 in Fighting
  5102 | D:6      | Mangled by an orc warrior

Illustrated notes

Levels and vault maps discovered:
D:1:      nzn_arrival_depleted_hourglass, layout_rooms, serial_shops, shop
D:2:      layout_basic, reono_crystal_passage, uniq_terence
D:3:      layout_rooms, gammafunk_ghost_grave, gup_sewer_entry_glass, uniq_ijyb
D:4:      layout_rooms, kennysheep_mini_moat, grunt_decor_resistance,
          uniq_sigmund, uniq_natasha, uniq_pargi
D:5:      layout_rooms, nicolae_overflows_in_rows, serial_co_window_serial,
          co_window_corner_a, co_window_corner_a, co_window_of_opportunity_a,
          co_window_paths_a, co_window_paths_a, co_window_of_opportunity_c,
          co_window_2corner, co_window_of_opportunity_b, co_window_paths_c,
          co_window_broadway_a, co_window_broadway_b, co_window_broadway_c,
          glass_columns_b, glass_columns_b, glass_columns_c, glass_columns_b,
          glass_columns_a
D:6:      layout_cave_pods, minmay_temple_entry_poolview

Skill      XL: |  1  2  3  4  5  6  7  8 |
---------------+-------------------------+-----
Maces & Flails | 2 3 4 5 6 |  6.5
Armour         | 4 5 6 |  6.9
Fighting       | 3 4 5 |  5.1
Shields        | 4 5 6 |  6.3

Action                     |  1- 3 |  4- 6 |  7- 9 || total
---------------------------+-------+-------+-------++-------
  Melee: Flail             |    96 |   207 |    64 ||   367
         Tailslap          |     4 |    22 |    24 ||    50
         Morningstar       |       |       |   127 ||   127
  Throw: Stone             |     1 |    17 |     5 ||    23
    Use: Scroll            |       |    10 |     2 ||    12
         Potion            |       |     1 |     2 ||     3
 Armour: Scale mail        |   104 |   217 |   165 ||   486
  Dodge: Dodged            |    42 |    77 |    77 ||   196
  Block: Buckler           |    25 |    53 |    55 ||   133

Table legend: (Time is in decaauts)
 A = Elapsed time spent in this place.
 B = Non-inter-level travel time spent in this place.
 C = Inter-level travel time spent in this place.
 D = Time resting spent in this place.
 E = Time spent auto-exploring this place.
 F = Levels seen in this place.
 G = Mean time per level.
                   A        B        C        D        E       F      G
               +--------+--------+--------+--------+--------+-----+--------+
         Total |   5233 |   4705 |    528 |    609 |   2765 |   7 |  747.6 |
       Dungeon |   5144 |   4616 |    528 |    609 |   2748 |   6 |  857.3 |
         Sewer |     89 |     89 |      0 |      0 |     17 |   1 |   89.0 |
               +--------+--------+--------+--------+--------+-----+--------+

Top non-repeatable levels by time:
     D:5: 1194 daAuts
     D:4: 987 daAuts
     D:2: 966 daAuts
     D:3: 950 daAuts
     D:1: 654 daAuts
     D:6: 390 daAuts
   Sewer: 89 daAuts
